 Dungeon Crawl Stone Soup version 0.20.1-1-g8b1a95d (webtiles) character file.

170 jmlagarto the Bolt Thrower (level 5, 0/30 HPs)
             Began as a Kobold Arcane Marksman on Sept 1, 2017.
             Shot with an arrow by a centaur (6 damage)
             ... on level 4 of the Dungeon on Sept 4, 2017.
             The game lasted 00:12:14 (4000 turns).

jmlagarto the Bolt Thrower (Kobold Arcane Marksman) Turns: 4000, Time: 00:12:14

Health: 0/30       AC:  7    Str:  7    XL:     5   Next: 80%
Magic:  6/6        EV: 15    Int: 15    God:
Gold:   132        SH:  0    Dex: 16    Spells: 5/6 levels left

rFire    . . .     SeeInvis .   a - +0 hand crossbow
rCold    . . .     Gourm    .   (shield restricted)
rNeg     . . .     Faith    .   C - +0 leather armour
rPois    +         Spirit   .   o - +1 helmet
rElec    .         Reflect  .   m - +0 cloak
rCorr    .         Harm     .   (no gloves)
MR       .....                  s - +0 pair of boots
Stlth    ++........             (no amulet)
Regen    0.1/turn               l - ring of poison resistance
MPRegen  0.1/turn               (no ring)

@: no status effects
A: carnivore 3
a: no special abilities


You were on level 4 of the Dungeon.
You were not hungry.

You visited 1 branch of the dungeon, and saw 4 of its levels.

You collected 132 gold pieces.

Inventory:

Hand Weapons
 a - a +0 hand crossbow (weapon)
 f - a +0 dagger
 y - a +0 hunting sling
Missiles
 b - 32 poisoned needles
 d - 21 bolts (quivered)
 j - 35 arrows
 k - 109 stones
 x - 18 sling bullets
Armour
 e - a +0 robe
 m - a +0 cloak (worn)
 o - a +1 helmet (worn)
 s - a +0 pair of boots (worn)
 C - a +0 leather armour (worn)
Jewellery
 l - a ring of poison resistance (left hand)
 r - an uncursed ring of protection from fire {unknown}
Scrolls
 h - 3 scrolls of teleportation {unknown}
 i - 2 scrolls of identify {unknown}
 p - 2 scrolls of blinking {unknown}
 q - 2 scrolls of random uselessness {unknown}
 u - a scroll of enchant weapon {unknown}
 B - a scroll of immolation {unknown}
 F - a scroll of noise {unknown}
Potions
 g - 4 potions of heal wounds {unknown}
 n - 2 potions of degeneration {unknown}
 t - a potion of invisibility {unknown}
 v - 2 potions of resistance
 w - a potion of mutation {unknown}
 z - a potion of flight {unknown}
 D - a potion of cancellation {unknown}
 E - a potion of agility {unknown}
Books
 c - a book of Debilitation

   Spells                             Type                      Level
   a - Corona                         Hexes                        1
   b - Slow                           Hexes                        2
   c - Inner Flame                    Hexes/Fire                   3
   d - Portal Projectile              Hexes/Translocation          3
   e - Cause Fear                     Hexes                        4
   f - Leda's Liquefaction            Hexes/Earth                  4
Comestibles
 A - a meat ration


   Skills:
 + Level 2.2 Fighting
 + Level 0.6 Short Blades
 + Level 4.8 Crossbows
 + Level 0.4 Throwing
 + Level 3.1 Dodging
 + Level 1.1 Stealth
 + Level 0.2 Unarmed Combat
 + Level 1.1 Spellcasting
 + Level 3.7 Hexes


You had 5 spell levels left.
You knew the following spells:

 Your Spells              Type           Power        Failure   Level  Hunger
a - Corona                Hex            ##.....      9%          1    ##.....


Dungeon Overview and Level Annotations

Branches:
Dungeon (4/15)
 Temple: D:4-7

Altars:
Gozag
The Shining One

Shops:
D:4 (


Innate Abilities, Weirdness & Mutations

You are small and have problems with some larger weapons.
You are carnivorous and can eat meat at any time.


Message History

The centaur drinks a potion.
The centaur suddenly seems more resistant.
Found a stone staircase leading down.
You are too injured to fight recklessly!
Press: ? - help, v - describe, . - travel
Here: a centaur, wielding a shortbow (moderately wounded, unusually resistant)
The floor.
There are monsters nearby!
Search for what [? for help]?
Okay, then.
Fire/throw which item? (* to show all) (? for menu, Esc to quit)
Press: ? - help, Shift-Dir - straight line, f/p - centaur
Aim: a centaur, wielding a shortbow (moderately wounded, unusually resistant)
You shoot a bolt. The bolt closely misses the centaur.
The adder hisses angrily.
The centaur shoots an arrow.
The arrow hits you.
* * * LOW HITPOINT WARNING * * *
The centaur shoots an arrow.
The arrow closely misses you.
The centaur shoots an arrow.
The arrow hits you.
You die...

.... ##....#....# #...
#....###...#
###W(.####.....#.....
##.....(##..####....#.
...(...S....# ##......
.>.....c...## #....##.
####(....####..##..
##.......####..... ..
#@.).............. ...
##...(........#..#.
∩...
##...........###..#.
....###..####......#
#.##. ........##
##.....# ## ..
.........## #.....##
#.. ..........##
#†.....## ...
...........###........
.
..##.....#...#......8.
.


You could see a centaur.

Vanquished Creatures
  A hound (D:4)
  A worker ant (D:4)
  A gnoll (D:1)
  4 adders (D:2)
  2 oozes
  3 dart slugs
  3 leopard geckos
  2 orcs
  8 bats
  2 giant cockroaches (D:1)
  7 goblins
  5 hobgoblins
  4 kobolds
  2 quokkas (D:2)
  7 frilled lizards
  3 rats
55 creatures vanquished.

Notes
Turn   | Place    | Note
-------+----------+-------------------------------------------
     0 | D:1      | jmlagarto the Kobold Arcane Marksman began the quest for the Orb.
     0 | D:1      | Reached XP level 1. HP: 12/12 MP: 2/2
   289 | D:1      | Reached XP level 2. HP: 16/16 MP: 3/3
   321 | D:1      | Reached XP level 3. HP: 19/20 MP: 4/4
   683 | D:1      | Reached skill level 3 in Crossbows
  1005 | D:2      | Reached XP level 4. HP: 25/25 MP: 5/5
  1059 | D:2      | Found a glowing golden altar of the Shining One.
  2106 | D:2      | Found a glowing golden altar of the Shining One.
  2844 | D:2      | Reached XP level 5. HP: 30/30 MP: 6/6
  3293 | D:3      | Reached skill level 4 in Crossbows
  3766 | D:4      | Found an opulent altar of Gozag.
  3915 | D:4      | Reached skill level 1 in Stealth
  3982 | D:4      | Found Dyczomp's Antique Weapon Shop.
  3993 | D:4      | Noticed a centaur
  3997 | D:4      | Noticed a phantom
  4000 | D:4      | Shot with an arrow by a centaur

Skill      XL: |  1  2  3  4  5 |
---------------+----------------+-----
Crossbows      | 3 4 |  4.8
Dodging        | 3 |  3.1
Fighting       | 2 |  2.2
Stealth        | 1 |  1.1
Short Blades   | |  0.6
Throwing       | |  0.4
Unarmed Combat | |  0.2
Spellcasting   | |  1.1
Hexes          | |  3.7

Action                   |  1- 3 |  4- 6 || total
-------------------------+-------+-------++-------
Melee: Unarmed           |       |    29 ||    29
       Dagger            |       |    21 ||    21
 Fire: Hand crossbow     |    69 |    86 ||   155
Throw: Stone             |       |    67 ||    67
  Eat: Chunk             |       |     3 ||     3
       Meat ration       |       |     1 ||     1
Armor: Robe              |     4 |    30 ||    34
       Leather armour    |       |     2 ||     2
Dodge: Dodged            |    19 |   140 ||   159
